 Dungeon Crawl Stone Soup version 0.31.0-11-ge490571c62 (webtiles) character file.

Game seed: 5811365637755317677

172 Goblin1989 the Sneak (level 5, -6/41 HPs)
             Began as a Demonspawn Delver on Jan 27, 2024.
             Was a Believer of Wu Jian.
             Mangled by an iguana (8 damage)
             ... on level 4 of the Dungeon.
             The game lasted 00:05:51 (2602 turns).

Goblin1989 the Sneak (Demonspawn Delver)            Turns: 2602, Time: 00:05:51

Health: -6/41      AC:  8    Str: 12    XL:     5   Next: 27%
Magic:  5/5        EV: 15    Int: 11    God:    Wu Jian [**....]
Gold:   52         SH:  0    Dex: 16    Spells: 4/4 levels left

rFire   . . .        a - +0 short sword
rCold   . . .        (no shield)
rNeg    . . .        k - +2 ring mail of Ajon {Harm}
rPois   .            (helmet restricted)
rElec   .            (no cloak)
rCorr   .            (no gloves)
SInv    .            l - +0 pair of boots
Will    .....        (no amulet)
Stlth   +++          (no ring)
HPRegen 0.26/turn    (no ring)
MPRegen 0.09/turn

%: harm (+30% outgoing, +20% incoming)
@: agile
A: horns 1, foul stench 1, powered by pain 1
a: Renounce Religion, Wall Jump


You were on level 4 of the Dungeon.
You worshipped Wu Jian.
Wu Jian was pleased with you.
You visited 1 branch of the dungeon, and saw 5 of its levels.

You collected 112 gold pieces.
You spent 60 gold pieces at shops.

Inventory:

Hand Weapons
 a - a +0 short sword (weapon)
Missiles
 j - 3 boomerangs (quivered) {@Q3}
Armour
 k - the +2 ring mail of Ajon (worn) {Harm}
   (You found it on level 2 of the Dungeon)

   Harm:      It increases damage dealt and taken.
 l - a +0 pair of boots (worn)
Jewellery
 r - a ring of positive energy
Wands
 g - a wand of digging (3) {@v3}
Scrolls
 c - a scroll of fog
 d - a scroll of revelation
 e - a scroll of fear
 i - 2 scrolls of identify {unknown}
 n - a scroll of acquirement {unknown}
 o - a scroll of brand weapon {unknown}
 p - a scroll of immolation {unknown}
Potions
 f - 3 potions of haste {@q3,}
 h - a potion of brilliance {unknown}
 m - a potion of invisibility {unknown}
 q - a potion of heal wounds {@q2}


   Skills:
 - Level 3.0 Fighting
 - Level 1.7 Short Blades
 - Level 1.7 Dodging
 + Level 7.0 Stealth


You had 4 spell levels left.
You didn't know any spells.
Your spell library was empty.

Dungeon Overview and Level Annotations

Branches:
Dungeon (5/15) Zot: 24572
 Temple: D:4-7

Altars:
Wu Jian

Shops:
D:3 (*[

Annotations:
D:4 3 runed translucent doors, NotYourErnst's ghost, amateur OpHW; Yehuk's ghost, amateur GrFi


Innate Abilities, Weirdness & Mutations

You have a pair of small horns on your head.
You may rarely emit foul miasma when damaged in melee.
You sometimes gain a little power by taking damage.


Message History

You are engulfed in a cloud of soporific spores!
You are unaffected.
You take 23 damage, and have 17/40 hp.
MASSIVE DAMAGE!!
Unknown command.
You hit the sleepcap.
You destroy the sleepcap!
The Council accepts your kill.
Your life force feels restored.
Your Stealth skill increases to level 7!
You feel a little less mighty now.
A ball python comes into view.
Health restored: 41 A ball python is nearby!
Found an escape hatch in the floor.
You lunge at the ball python.
The helpless ball python fails to defend itself.
You impale the ball python!!
You kill the ball python!
The Council accepts your kill.
No target in view!
No target in view!
No target in view!
No target in view!
No target in view!
No target in view!
No target in view!
No target in view!
No target in view!
No target in view!
No target in view!
No target in view!
No target in view!
No target in view!
No target in view!
No target in view!
No target in view!
You open the door.
There is an open door here.
You open the door.
An iguana comes into view.
An iguana is nearby!
An iguana is nearby!
There is an open door here.
You hit the iguana but do no damage. Your headbutt misses the iguana.
The iguana barely misses you.
You hit the iguana. You headbutt the iguana.
The iguana is moderately wounded.
The iguana misses you.
You hit the iguana but do no damage.
The iguana is moderately wounded.
The iguana closely misses you.
You hit the iguana but do no damage. You headbutt the iguana.
The iguana is severely wounded.
The iguana bites you.
You take 7 damage, and have 34/41 hp.
You barely miss the iguana.
The iguana is severely wounded.
The iguana completely misses you.
You hit the iguana but do no damage.
The iguana is severely wounded.
The iguana bites you!
You take 12 damage, and have 22/41 hp.
MASSIVE DAMAGE!!
You are too injured to fight recklessly!
You are too injured to fight recklessly!
You are too injured to fight recklessly!
You are too injured to fight recklessly!
You are too injured to fight recklessly!
You are too injured to fight recklessly!
You are too injured to fight recklessly!
You are too injured to fight recklessly!
You are too injured to fight recklessly!
You are too injured to fight recklessly!
You are too injured to fight recklessly!
You are too injured to fight recklessly!
You are too injured to fight recklessly!
You are too injured to fight recklessly!
You are too injured to fight recklessly!
You are too injured to fight recklessly!
You are too injured to fight recklessly!
An iguana is nearby!
You closely miss the iguana. You headbutt the iguana.
The iguana is severely wounded.
You hit the iguana but do no damage.
The iguana is severely wounded.
The iguana bites you!
* * * LOW HITPOINT WARNING * * *
You focus on the pain.
You feel agile all of a sudden.
You take 14 damage, and have 8/41 hp.
MASSIVE DAMAGE!!
You hit the iguana but do no damage.
The iguana is severely wounded.
The iguana bites you.
* * * LOW HITPOINT WARNING * * *
You focus on the pain.
You feel more agile all of a sudden.
You take 7 damage, and have 1/41 hp.
You barely miss the iguana.
The iguana is severely wounded.
The iguana bites you!
You die... █......█.██ ......... .....█.█ ......█ ..... ... █l█

█@█ █ █.█ ███ █. █ ██∆██ >.█
█.██. ██...██ █.█
██..█.█████.....██ ███ █.█
█.......██.......██ ██.███.█
█.....█.█.........████...██†██
........∆.........∆...........
█....██.█.........████...██.██


You could see an iguana.

Vanquished Creatures
  A bombardier beetle (D:3)
  A sleepcap (D:4)
  An adder (D:3)
  4 dart slugs
  4 ribbon worms
  8 orcs
  5 endoplasms
  2 giant cockroaches (D:3)
  9 goblins
  5 hobgoblins
  3 jackals (D:2)
  8 kobolds
  2 quokkas
  10 ball pythons
  3 bats (D:1)
  2 frilled lizards
  6 rats
74 creatures vanquished.

Notes
Turn   | Place    | Note
-------+----------+-------------------------------------------
     0 | D:5      | Goblin1989 the Demonspawn Delver began the quest for the
                  | Orb.
     0 | D:5      | Reached XP level 1. HP: 18/18 MP: 1/1
    69 | D:2      | Found an ornate altar of the Wu Jian Council.
    91 | D:2      | Became a worshipper of the Wu Jian Council
   124 | D:2      | Identified the +2 ring mail of Ajon {Harm}
   140 | D:2      | Reached skill level 5 in Stealth
   140 | D:2      | Gained mutation: You sometimes gain a little power by
                  | taking damage. [demonic ancestry]
   140 | D:2      | Reached XP level 2. HP: 16/24 MP: 2/2
   493 | D:1      | Gained mutation: You have a pair of small horns on your
                  | head. [demonic ancestry]
   493 | D:1      | Reached XP level 3. HP: 29/29 MP: 3/3
   730 | D:1      | Reached * piety under Wu Jian
  1520 | D:3      | Reached skill level 6 in Stealth
  1683 | D:3      | Found Oxkuquef's Antique Armour Emporium.
  1699 | D:3      | Reached XP level 4. HP: 33/35 MP: 4/4
  1831 | D:3      | Found Domioboewn's Weapon Boutique.
  1860 | D:3      | Found Xaasch Atsu's General Store.
  1863 | D:3      | Bought a potion of heal wounds for 60 gold pieces
  2176 | D:4      | Found a runed translucent gate.
  2176 | D:4      | Found a runed translucent gate.
  2176 | D:4      | Found a runed translucent gate.
  2180 | D:4      | Noticed Yehuk's ghost (amateur GrFi)
  2180 | D:4      | Noticed NotYourErnst's ghost (amateur OpHW)
  2383 | D:4      | Reached ** piety under Wu Jian
  2399 | D:4      | Gained mutation: You may rarely emit foul miasma when
                  | damaged in melee. [demonic ancestry]
  2399 | D:4      | Reached XP level 5. HP: 34/40 MP: 5/5
  2457 | D:4      | Reached skill level 7 in Stealth
  2601 | D:4      | HP: 1/41 [iguana (7)]
  2602 | D:4      | Mangled by an iguana

Illustrated notes

Levels and vault maps discovered:
D:1:      dpeg_arrival_pond, layout_loops_cross, minmay_misc_feat_five
D:2:      layout_loops_cross, basic_altar
D:3:      layout_basic, mainiacjoe_overflow_concentric_impassable, serial_shops,
          nicolae_shop_statue_plus, nicolae_shop_behind_doors,
          nicolae_shop_real_fake_doors
D:4:      layout_loops_corners, gammafunk_ghost_cemetery
D:5:      layout_loops_ring, makhleb_altar_promises_db,
          minmay_temple_entry_statues_fountains, minmay_holes,
          kennysheep_generic_room_4

Skill      XL: |  1  2  3  4  5 |
---------------+----------------+-----
Stealth        | 5 6 7 |  7.0
Fighting       | |  3.0
Short Blades   | |  1.7
Dodging        | |  1.7

Action                     |  1- 3 |  4- 6 || total
---------------------------+-------+-------++-------
  Melee: Short sword       |   146 |   123 ||   269
         Punch             |     1 |     1 ||     2
         Headbutt          |    13 |    15 ||    28
Ability: Lunge             |    17 |     9 ||    26
         Whirlwind         |       |     1 ||     1
   Stab: Sleeping          |    17 |     4 ||    21
 Armour: Leather armour    |    13 |       ||    13
         Ring mail         |    48 |    54 ||   102
  Dodge: Dodged            |    56 |    60 ||   116
